[Event "KAZ-ch Open 2019"]
[Site "Almaty"]
[Date "2019.04.28"]
[Round "7.2"]
[White "Kazhgaleyev, Murtas"]
[Black "Nogerbek, Kazybek"]
[Result "1-0"]
[ECO "D35"]
[WhiteElo "2578"]
[BlackElo "2341"]
[Annotator "RC"]
[PlyCount "174"]
[EventDate "2019.04.21"]
[EventType "tourn"]
[EventCountry "KAZ"]
[SourceTitle "playchess.com"]
[Source "ChessBase"]
[SourceQuality "1"]
[TimeControl "40/5400+30:1800+30"]

1. d4 Nf6 2. c4 e6 3. Nc3 d5 4. cxd5 exd5 5. Bg5 Be7 6. e3 Nbd7 7. Bd3 O-O 8. Nf3 c6 9. Qc2 Re8 10. O-O h6 11. Bf4 Bf8 12. h3 a6 13. Bh2 b5 14. Ne5 Bb7 15. Rad1 Bd6 16. f4 c5 17. g4 cxd4 18. exd4 Bb4 19. Qb3 Bxc3 20. bxc3 Qe7 21. Qb4 Ne4 22. Bxe4 dxe4 23. d5 Qxb4 24. cxb4 Nb6 25. d6 f6 26. Ng6 Rad8 27. f5 Rd7 28. Rfe1 Nc4 29. Rd4 e3 30. Bf4 Kf7 31. Kh2 Nd2 32. Nh4 Nc4 33. Kg3 Bc6 34. Ng2 Bxg2 35. Kxg2 Red8 36. Kf3 Nxd6 37. Red1 Ke7 38. Bxe3 Nb7 39. Rxd7+ Rxd7 40. Rc1 a5 41. a3 axb4 42. axb4 Kf7 43. Rc6 Nd6 44. Bf4 Nc4 45. Ke4 Rd1 46. Rc5 Na3 47. Rc8 Nc4 48. Rb8 Na3 49. Be3 Rd7 50. Bc5 g6 51. Rb6 Nb1 52. Rd6 Nc3+ 53. Kd3 Rxd6+ 54. Bxd6 Nd1 55. Bc5 Nb2+ 56. Ke4 Nc4 57. Kd5 h5 58. gxh5 gxh5 59. Kc6 Na3 60. h4 Ke8 61. Bd4 Nc2 62. Kc5 Kd7 63. Bf2 Na3 64. Be3 Nc4 65. Bf4 Na3 66. Be3 Nc4 67. Bd4 Nd6 68. Kd5 Nxf5 69. Bxf6 Ng3 70. Bg5 Nf5 71. Ke5 Ng3 72. Bd2 Ke7 73. Be1 Nf1 74. Kd5 Kd7 75. Kc5 Kc7 76. Kxb5 Kb7 77. Kc5 Nh2 78. Kd5 Nf3 79. Bf2 Ka6 80. Ke4 Nd2+ 81. Kf4 Kb5 82. Be1 Nc4 83. Kg5 Ne5 84. Kxh5 Nf3 85. Bc3 Kc4 86. Kg4 Nh2+ 87. Kf4 Kd5 {Ke4+} 1-0

[Event "KAZ-ch Open 2019"]
[Site "Almaty"]
[Date "2019.04.28"]
[Round "7.3"]
[White "Makhnev, Denis"]
[Black "Ibrayev, Nurlan"]
[Result "1/2-1/2"]
[ECO "E06"]
[WhiteElo "2483"]
[BlackElo "2379"]
[Annotator "RC"]
[PlyCount "138"]
[EventDate "2019.04.21"]
[EventType "tourn"]
[EventCountry "KAZ"]
[SourceTitle "playchess.com"]
[Source "ChessBase"]
[SourceQuality "1"]
[TimeControl "40/5400+30:1800+30"]

1. d4 Nf6 2. c4 e6 3. g3 d5 4. Bg2 Be7 5. Nf3 O-O 6. O-O c6 7. Nbd2 b6 8. Qc2 Bb7 9. e4 Na6 10. e5 Nd7 11. cxd5 Nb4 12. Qb1 Nxd5 13. Ne4 h6 14. a3 a5 15. Bd2 c5 16. dxc5 Nxc5 17. Nxc5 bxc5 18. Qe4 Qb6 19. Qg4 Kh7 20. Rfe1 Qb3 21. Bc1 Nc7 22. Nd2 Qb5 23. Ne4 Rad8 24. h4 Rd7 25. Qh5 Nd5 26. Ng5+ Kg8 27. Nh3 Nc7 28. Qg4 Kh7 29. Bxb7 Qxb7 30. Nf4 Nd5 31. Nh5 Rg8 32. Qf3 Bf8 33. g4 g6 34. Ng3 Bg7 35. h5 Qc7 36. hxg6+ fxg6 37. Qh1 Rh8 38. g5 Kg8 39. Qe4 Ne7 40. gxh6 Bxh6 41. Qg4 Qc6 42. Bxh6 Rxh6 43. Rad1 Nd5 44. Qg5 Kg7 45. Re4 Rf7 46. Rd2 Qb7 47. Qg4 Qe7 48. Rd3 Qf8 49. Qxe6 Nf4 50. Rxf4 Rxf4 51. Rd7+ Rf7 52. Ne4 Rxd7 53. Qxd7+ Kh8 54. Nf6 g5 55. e6 Qa8 56. Nd5 Qb8 57. Qc7 Qxb2 58. Kg2 Qd4 59. Qc8+ Kh7 60. Qd7+ Kh8 61. Qe8+ Kh7 62. Qd7+ Kh8 63. Qe8+ Kh7 64. Qf7+ Qg7 65. Qf5+ Kg8 66. e7 Qf7 67. Qc8+ Kh7 68. Qd7 Rh2+ 69. Kxh2 Qxf2+ 1/2-1/2

[Event "KAZ-ch Open 2019"]
[Site "Almaty"]
[Date "2019.04.28"]
[Round "7.5"]
[White "Moisseyenko, Ilya"]
[Black "Kvan, Andrey"]
[Result "0-1"]
[ECO "A05"]
[WhiteElo "2329"]
[BlackElo "2286"]
[Annotator "NA"]
[PlyCount "188"]
[EventDate "2019.04.21"]
[EventType "tourn"]
[EventCountry "KAZ"]
[SourceTitle "playchess.com"]
[Source "ChessBase"]
[SourceQuality "1"]
[TimeControl "40/5400+30:1800+30"]

1. Nf3 Nf6 2. g3 g6 3. Bg2 Bg7 4. O-O O-O 5. c4 c6 6. Qc2 d5 7. b3 Nbd7 8. Bb2 a6 {[%emt 0:01:03] A11: English Opening: 1...c6} (8... Re8 9. cxd5 cxd5 10. Rc1 e5 11. Qc7 Qxc7 12. Rxc7 b6 13. Nc3 e4 14. Nd4 Bf8 15. d3 a6 16. dxe4 dxe4 17. Rd1 Rb8 {1-0 (75) Artemiev,V (2696)-Mikaelyan,A (2503) St Petersburg 2017}) 9. d3 Re8 10. cxd5 $146 ({Predecessor:} 10. Nbd2 Nf8 11. Rac1 Bg4 12. Rfe1 N8d7 13. cxd5 Nxd5 14. Bxg7 Kxg7 15. Qb2+ {½-½ (50) Pancevski,F (2507)-Jacimovic,D (2374) Skopje 2015}) 10... cxd5 11. Nbd2 Nf8 12. Rac1 Bd7 13. Ne5 Rc8 14. Qb1 Qa5 15. Ndf3 Be6 16. Nd4 Qb6 17. Qa1 N8d7 18. Nxe6 Qxe6 19. Bf3 Bh6 20. e3 Nxe5 21. Bxe5 Nd7 22. Bb2 b5 23. Kg2 Qd6 24. Rxc8 Rxc8 25. Rc1 Rxc1 26. Qxc1 Bg7 27. Qc8+ Nf8 28. d4 Bf6 29. a4 e6 30. Be2 bxa4 31. bxa4 Qb4 32. Qc2 a5 33. Bb5 Bd8 34. h4 h5 35. Qc8 Qd6 36. Qc1 Be7 37. Bc3 Qc7 38. Qd2 Bd8 39. e4 Nh7 40. e5 Kg7 41. Qe3 Qe7 42. Qe1 Qc7 43. Bd3 Nf8 44. Kh3 Qa7 45. f3 Bb6 46. Qe3 Qc7 47. Bd2 Kg8 48. g4 hxg4+ 49. fxg4 Qc6 50. Bb5 Qc2 51. Qf2 Qe4 52. Be3 g5 53. hxg5 Ng6 54. Kg3 Nxe5 55. Qf4 Qxf4+ 56. Kxf4 Ng6+ 57. Kf3 Kg7 58. Ke2 Bc7 59. Bd2 Bb6 60. Kf3 Kf8 61. Bd3 Ne7 62. Bb5 Kg7 63. Be3 Nc8 64. Ke2 Bd8 65. Bd2 Ne7 66. Kf3 Ng6 67. Bd3 Nf8 68. Kg3 Bc7+ 69. Kh3 Ng6 70. Kg2 Nf4+ 71. Bxf4 $1 Bxf4 72. Kf3 $19 (72. g6 $1 $15) 72... Bxg5 73. Bb5 Kf8 74. Ke2 Ke7 75. Kd3 f6 76. Ba6 Kd6 77. Bc8 e5 78. Bb7 Bc1 79. Bc8 Bb2 80. g5 fxg5 81. dxe5+ Kxe5 82. Bd7 Bd4 83. Bc8 Bg1 84. Bd7 Kf4 85. Bc6 d4 86. Ke2 g4 87. Bd7 Be3 88. Bc8 Bc1 89. Ba6 Ba3 90. Bb5 Bc5 91. Ba6 Kg3 92. Bc8 d3+ 93. Kxd3 Kf3 94. Bb7+ Kf2 0-1

[Event "KAZ-ch Open 2019"]
[Site "Almaty"]
[Date "2019.04.30"]
[Round "9.4"]
[White "Moisseyenko, Ilya"]
[Black "Ibrayev, Nurlan"]
[Result "0-1"]
[ECO "A61"]
[WhiteElo "2329"]
[BlackElo "2379"]
[Annotator "NA"]
[PlyCount "54"]
[EventDate "2019.04.21"]
[EventType "tourn"]
[EventCountry "KAZ"]
[SourceTitle "playchess.com"]
[Source "ChessBase"]
[SourceQuality "1"]
[TimeControl "40/5400+30:1800+30"]

1. d4 Nf6 2. Nf3 e6 3. c4 c5 4. d5 d6 5. Nc3 exd5 6. cxd5 g6 7. e4 a6 8. a4 Bg4 9. Qb3 Bxf3 {[%emt 0:17:35] A70: Modern Benoni: 6 e4 g6 7 Nf3} 10. Qxb7 Nbd7 11. gxf3 Bg7 12. Qb3 ({White should play} 12. Qc6 $14 Qb8 (12... Rb8 13. a5 O-O 14. Qxd6 Nh5 15. f4 Bd4 16. Be2 Qh4 17. Qxd7 {1-0 (42) Mamedyarov,S (2646)-Papaioannou,I (2578) Gothenburg 2005}) 13. a5 (13. Bxa6 O-O $11)) 12... O-O 13. Be2 Nh5 14. f4 Qh4 15. Bxh5 Qxh5 16. Qd1 $146 (16. O-O $17) ({Predecessor:} 16. Ne2 Rfe8 17. Ng3 {0-1 (28) Dzevlan,M (2453)-Wedberg,T (2539) Sweden 2006}) 16... Qh3 17. f3 f5 18. Bd2 Rab8 19. Qe2 Rxb2 20. Rc1 Re8 21. Kd1 Nf6 22. Rc2 Rb4 23. e5 dxe5 24. fxe5 Rxe5 25. Qxe5 Qxf3+ 26. Kc1 Qxh1+ 27. Be1 $19 (27. Nd1 Re4 28. Qd6) 27... Re4 0-1

[Event "KAZ-ch Open 2019"]
[Site "Almaty"]
[Date "2019.04.30"]
[Round "9.6"]
[White "Urazayev, Arystanbek"]
[Black "Kvan, Andrey"]
[Result "1/2-1/2"]
[ECO "B14"]
[WhiteElo "2446"]
[BlackElo "2286"]
[Annotator "ChessBase"]
[PlyCount "56"]
[EventDate "2019.04.21"]
[EventType "tourn"]
[EventCountry "KAZ"]
[SourceTitle "playchess.com"]
[Source "ChessBase"]
[SourceQuality "1"]
[TimeControl "40/5400+30:1800+30"]

1. e4 c6 2. d4 d5 3. exd5 cxd5 4. c4 Nf6 5. Nc3 e6 6. Nf3 Be7 7. cxd5 Nxd5 8. Bd3 Nc6 9. O-O Nxc3 10. bxc3 O-O 11. Qe2 Qa5 12. Bb2 Bf6 13. Rfd1 Qh5 14. c4 Ne7 15. Be4 Rb8 16. h3 b5 17. d5 Bxb2 18. Qxb2 Bb7 19. Qxb5 f5 20. d6 Bxe4 21. dxe7 Rxb5 22. exf8=Q+ Kxf8 23. cxb5 Bxf3 24. gxf3 Ke7 25. Kg2 Qg5+ 26. Kf1 Qf4 27. Kg2 Qg5+ 28. Kf1 Qf4 1/2-1/2

[Event "KAZ-ch Open 2019"]
[Site "Almaty"]
[Date "2019.05.01"]
[Round "10.1"]
[White "Agmanov, Zhandos"]
[Black "Kvan, Andrey"]
[Result "1-0"]
[ECO "B12"]
[WhiteElo "2394"]
[BlackElo "2286"]
[Annotator "NA"]
[PlyCount "71"]
[EventDate "2019.04.21"]
[EventType "tourn"]
[EventCountry "KAZ"]
[SourceTitle "playchess.com"]
[Source "ChessBase"]
[SourceQuality "1"]
[TimeControl "40/5400+30:1800+30"]

1. e4 c6 2. d4 d5 3. e5 c5 4. dxc5 Nc6 5. a3 e6 6. b4 {[%emt 0:01:33] B12: Caro-Kann: Advance Variation} (6. Nf3 Bxc5 7. b4 Bb6 8. b5 Nb8 9. Bb2 a6 10. a4 Nh6 11. Be2 axb5 12. axb5 Rxa1 13. Bxa1 {1-0 (40) Grischuk,A (2771)-Navara,D (2739) Shamkir 2019}) 6... a5 7. b5 Nxe5 8. Bb2 f6 $146 ({Predecessor:} 8... Ng6 9. a4 Bd7 10. Nd2 Nf6 11. Nb3 Rc8 12. Bd3 Bxc5 13. Nxc5 Rxc5 {0-1 (43) Petrenko,S (2162)-Radeva,V (2125) Braila 2016}) 9. Bd4 Ng6 10. f3 e5 11. Bf2 a4 12. Nc3 d4 13. Ne4 f5 14. Nd6+ Bxd6 15. cxd6 Nf6 16. c3 Qa5 ({Don't take} 16... Qxd6 17. cxd4 e4 18. Nh3 $17) ({Less strong is} 16... dxc3 17. Bc4 $11) (16... Be6 $19 {has better winning chances.} 17. Ne2 Bb3) 17. Rc1 Bd7 18. Qd2 Rc8 19. Ne2 Bxb5 20. cxd4 Rxc1+ 21. Nxc1 Qxd2+ 22. Kxd2 Bxf1 23. Rxf1 Kd7 24. Nd3 exd4 25. Rb1 Kxd6 26. Rxb7 Nd7 27. Rb4 Ra8 28. Rxd4+ Kc6 29. Nb4+ Kc7 30. Nd5+ Kc6 $16 31. Nb4+ Kc7 32. Rc4+ Kd6 33. Rc6+ Ke5 34. Kc3 Ne7 35. Bd4+ Kf4 36. Re6 1-0

[Event "KAZ-ch Open 2019"]
[Site "Almaty"]
[Date "2019.05.01"]
[Round "10.2"]
[White "Kostenko, Petr"]
[Black "Urazayev, Arystanbek"]
[Result "1-0"]
[ECO "A28"]
[WhiteElo "2450"]
[BlackElo "2446"]
[Annotator "RC"]
[PlyCount "49"]
[EventDate "2019.04.21"]
[EventType "tourn"]
[EventCountry "KAZ"]
[SourceTitle "playchess.com"]
[Source "ChessBase"]
[SourceQuality "1"]
[TimeControl "40/5400+30:1800+30"]

1. c4 e5 2. Nc3 Nc6 3. e3 Nf6 4. Nf3 Be7 5. Qb3 O-O 6. Be2 Re8 7. O-O Bf8 8. d4 exd4 9. exd4 d6 10. h3 h6 11. Bf4 Ne4 12. Nxe4 Rxe4 13. Be3 Re8 14. d5 Ne5 15. Qc3 Nxf3+ 16. Bxf3 Bf5 17. Rfe1 b6 18. Bd1 Qh4 19. Rc1 Be7 20. Bd4 Bg5 21. Ba4 Rxe1+ 22. Rxe1 Kh7 23. Be8 Be4 24. g3 Qxh3 25. Rxe4 1-0

[Event "KAZ-ch Open 2019"]
[Site "Almaty"]
[Date "2019.05.01"]
[Round "10.3"]
[White "Ibrayev, Nurlan"]
[Black "Zhalmakhanov, Ramazan"]
[Result "1-0"]
[ECO "D43"]
[WhiteElo "2379"]
[BlackElo "2346"]
[Annotator "NA"]
[PlyCount "99"]
[EventDate "2019.04.21"]
[EventType "tourn"]
[EventCountry "KAZ"]
[SourceTitle "playchess.com"]
[Source "ChessBase"]
[SourceQuality "1"]
[TimeControl "40/5400+30:1800+30"]

1. d4 Nf6 2. Nf3 d5 3. c4 e6 4. Nc3 c6 5. Bg5 h6 6. Bxf6 Qxf6 7. e4 dxe4 8. Nxe4 Bb4+ 9. Ke2 Qf5 {[%emt 0:13:09] D43: Semi-Slav: 5 Bg5 h6} (9... Qf4 10. Qc2 f5 11. Nc3 c5 12. g3 Qg4 13. h3 Qh5 14. a3 Bxc3 15. Qxc3 cxd4 16. Qxd4 O-O 17. Bg2 Nc6 18. Qh4 Qf7 19. Rhd1 e5 20. Rac1 e4 21. Nd4 Ne5 22. Kf1 Kh7 {0-1 (22) Teske,H (2483)-Vitiugov,N (2719) St Petersburg 2018}) 10. Ke3 $146 ({Predecessor:} 10. Qd3 O-O 11. g3 Nd7 12. Bg2 e5 13. a3 Be7 14. h4 exd4 15. Nxd4 Qe5 16. f4 Qc7 17. b4 {0-1 (32) Jelfs,A (1909)-Ankit,R (2511) Glasgow 2014}) 10... O-O 11. c5 Ba5 12. g4 Qd5 13. Ne5 b6 14. Bc4 Qd8 15. h4 bxc5 16. dxc5 Bc7 {[%emt 0:04:56] [#]} 17. Qxd8 $1 Rxd8 18. Rad1 f6 19. Rxd8+ Bxd8 20. Rd1 Bc7 21. Nd6 fxe5 22. Nxc8 Kf7 23. Rd3 a5 24. Ke4 a4 25. Rf3+ Ke8 26. Bxe6 Na6 27. Nd6+ Ke7 28. Kxe5 Nxc5 $2 (28... Rf8 29. Rxf8 Kxf8) 29. Rf7+ {[%emt 0:00:24] Double Attack} Kd8 30. Rf8+ Ke7 31. Rf7+ Kd8 32. Rf8+ Ke7 33. Rxa8 Bxd6+ 34. Kf5 Nxe6 35. Rxa4 Kd7 36. f4 c5 37. Ra7+ Nc7 38. Ra4 Nd5 39. Ra7+ Bc7 40. Kg6 Kc6 41. f5 Be5 42. b3 Kd6 43. Rxg7 Bxg7 44. Kxg7 Ke5 45. a4 Kd4 46. a5 Kc3 47. f6 Nc7 48. f7 Ne6+ 49. Kf6 Nf8 50. a6 1-0

[Event "KAZ-ch Open 2019"]
[Site "Almaty"]
[Date "2019.05.01"]
[Round "10.4"]
[White "Nogerbek, Kazybek"]
[Black "Moisseyenko, Ilya"]
[Result "1/2-1/2"]
[ECO "B94"]
[WhiteElo "2318"]
[BlackElo "2329"]
[Annotator "NA"]
[PlyCount "99"]
[EventDate "2019.04.21"]
[EventType "tourn"]
[EventCountry "KAZ"]
[SourceTitle "playchess.com"]
[Source "ChessBase"]
[SourceQuality "1"]
[TimeControl "40/5400+30:1800+30"]

1. e4 c5 2. Nf3 d6 3. d4 cxd4 4. Nxd4 Nf6 5. Nc3 a6 6. Bg5 Nbd7 7. Qe2 {[%emt 0:00:06] B94: Sicilian Najdorf: 6 Bg5 Nbd7} e6 8. f4 Qc7 (8... h6 9. Bh4 e5 10. fxe5 dxe5 11. Nf5 Nb6 12. Qf3 Bxf5 13. Qxf5 Be7 14. Bd3 Nfd7 15. Bxe7 Qxe7 16. O-O-O O-O 17. Kb1 Nc5 18. Be2 Rad8 19. Qf2 Qc7 20. Qe3 Qc6 21. Rhe1 Rfe8 22. a3 Kf8 {½-½ (22) Anand,V (2773)-Nepomniachtchi,I (2763) Wijk aan Zee 2019}) 9. g4 b5 10. a3 Bb7 11. Bg2 Be7 12. O-O-O h6 13. Bxf6 gxf6 14. h4 O-O-O $146 ({Predecessor:} 14... Nb6) 15. Rh3 Kb8 16. f5 e5 17. Nb3 Nb6 18. Na5 Ba8 19. Qd2 Rc8 20. Nd5 Nxd5 21. exd5 h5 22. Nc6+ Bxc6 23. dxc6 hxg4 24. Rb3 d5 25. Bxd5 Rxh4 26. c4 Rh3 27. Rxh3 gxh3 28. cxb5 axb5 29. Qd3 Qb6 30. Qxh3 Rd8 31. Qb3 Kc7 32. Kb1 Qc5 33. Rd3 Bf8 34. Be4 Rxd3 35. Bxd3 Kxc6 36. Qxf7 Be7 37. Qe8+ Kb6 $14 38. Qb8+ Kc6 39. Be4+ Kd7 40. Qb7+ Kd6 41. Bd3 Qc6 42. Qxb5 Qxb5 43. Bxb5 e4 44. Kc2 Ke5 45. Bd7 Kd4 46. b4 e3 47. Bb5 Bd6 48. Be2 Ke4 49. Bd3+ Kd4 50. Be2 1/2-1/2

[Event "KAZ-ch Open 2019"]
[Site "Almaty"]
[Date "2019.05.01"]
[Round "10.6"]
[White "Kazhgaleyev, Murtas"]
[Black "Makhnev, Denis"]
[Result "1/2-1/2"]
[ECO "D37"]
[WhiteElo "2578"]
[BlackElo "2483"]
[Annotator "ChessBase"]
[PlyCount "139"]
[EventDate "2019.04.21"]
[EventType "tourn"]
[EventCountry "KAZ"]
[SourceTitle "playchess.com"]
[Source "ChessBase"]
[SourceQuality "1"]
[TimeControl "40/5400+30:1800+30"]

1. d4 d5 2. Nf3 Nf6 3. c4 e6 4. Nc3 dxc4 5. Qa4+ c6 6. Qxc4 b5 7. Qd3 Bb7 8. e4 b4 9. Na4 Qa5 10. b3 Nbd7 11. Be3 c5 12. dxc5 Bxe4 13. Qb5 Qxb5 14. Bxb5 Rb8 15. Ba6 Ng4 16. Bf4 e5 17. Bg3 f6 18. Rc1 Bc6 19. O-O Nh6 20. Bd3 Be7 21. Rfe1 Rd8 22. Be4 Bxa4 23. c6 Bxc6 24. Bxc6 O-O 25. Bd5+ Kh8 26. Rc7 Nb6 27. Bc6 Nc8 28. Rc1 Bd6 29. Rb7 Ne7 30. Bd7 Ng6 31. Nd2 Rf7 32. Bc8 Rxb7 33. Bxb7 Bf8 34. Nc4 Nf5 35. f3 Bc5+ 36. Kf1 Be3 37. Nxe3 Nxe3+ 38. Kg1 Nf4 39. Ba6 g5 40. Be1 Rd6 41. Bf1 a5 42. g3 Ne6 43. Be2 Nd4 44. Rc8+ Kg7 45. Kf2 Nec2 46. Rc7+ Kf8 47. Rxh7 Nxe1 48. Kxe1 Nc2+ 49. Kf1 Rd2 50. h4 g4 51. fxg4 e4 52. g5 fxg5 53. hxg5 Ne3+ 54. Kf2 Nf5 55. Ke1 Rxa2 56. Bc4 Ra1+ 57. Kf2 Ra2+ 58. Ke1 Ra1+ 59. Kf2 Ra2+ 60. Kg1 Ne3 61. Rf7+ Ke8 62. g6 Nxc4 63. bxc4 e3 64. Rf3 e2 65. Kf2 Ra3 66. g7 Rxf3+ 67. Kxf3 e1=Q 68. g8=Q+ Ke7 69. Qg5+ Kf7 70. Qf5+ 1/2-1/2